 Dungeon Crawl Stone Soup version 0.28-a0-938-gbc3f381ebc (webtiles) character file.

Game seed: 14828417980335669334

243424 meatgazer the Envoy of Void (level 18, -18/145 (151) HPs)
             Began as a Demonspawn Abyssal Knight on Nov 29, 2021.
             Was a High Priest of Lugonu.
             Demolished by Arachne (21 damage)
             ... on level 1 of the Abyss.
             The game lasted 01:42:34 (61803 turns).

meatgazer the Envoy of Void (DsAK)                 Turns: 61803, Time: 01:42:37

HP:   -18/145 (151) AC: 26    Str: 30    XL:     18   Next: 70%
MP:   33/33         EV:  6    Int: 15    God:    Lugonu [*****.]
Gold: 1932          SH: 25    Dex: 22    Spells: 17/17 levels left

rFire   + . .      SeeInvis .   I - +10 whip of Gravity {flame, Will+ Str+4}
rCold   + . .      Faith    .   D - +3 buckler
rNeg    . . .      Spirit   .   M - +1 plate armour of the Amoeba {Rampage rF+ Str+2}
rPois   .          Reflect  +   l - +2 helmet
rElec   .          Harm     .   i - +1 cloak
rCorr   .          Rampage  +   (gloves unavailable)
Will    ++++.                   y - +2 pair of boots
Stlth   ..........              p - amulet of reflection
HPRegen 0.34/turn               C - ring of Yniemod {rC+ Dex+6}
MPRegen 0.23/turn               r - +6 ring of strength

@: mighty, lethally poisoned (-18 -> -27), grasped by roots, constricted,
studying 2 skills, lightly drained
A: large bone plates 3, ignite blood 3, powered by pain 2, demonic willpower,
demonic touch 3, clever 1, strong-willed 1, wild magic 1
}: 2/15 runes: decaying, gossamer
a: Renounce Religion, Depart the Abyss, Bend Space, Banish, Corrupt, Enter the
Abyss


You were on level 1 of the Abyss.
You worshipped Lugonu.
Lugonu was extremely pleased with you.
You visited 8 branches of the dungeon, and saw 35 of its levels.
You visited the Abyss 2 times.
You also visited: Trove, Bailey and Wizlab.

You collected 2989 gold pieces.
You spent 1057 gold pieces at shops.

Inventory:

Hand Weapons
 k - a +9 whip of flaming
 I - the +10 whip of Gravity (weapon) {flame, Will+ Str+4}
   (You found it on level 3 of the Lair of Beasts)

   It burns those it strikes, dealing additional fire damage.
   Str:       It affects your strength (+4).
   Will:      It increases your willpower.
Armour
 i - a +1 cloak (worn)
 j - the +10 tower shield of Ignorance {rN+ Int-4}
   (You bought it in a shop on level 2 of the Orcish Mines)

   Int:       It affects your intelligence (-4).
   rN:        It protects you from negative energy.
 l - a +2 helmet (worn)
 q - +0 swamp dragon scales
 y - a +2 pair of boots (worn)
 D - a +3 buckler (worn)
 M - the +1 plate armour of the Amoeba (worn) {Rampage rF+ Str+2}
   (You found it on level 6 of the Lair of Beasts)

   Str:       It affects your strength (+2).
   rF:        It protects you from fire.
   Rampage:   It bestows one free step when moving towards enemies.
Jewellery
 d - a ring of poison resistance
 p - an amulet of reflection (around neck)
 r - a +6 ring of strength (right hand)
 t - a ring of resist corrosion
 C - the ring of Yniemod (left hand) {rC+ Dex+6}
   (You found it in a treasure trove)

   [ring of dexterity]

   Dex:       It affects your dexterity (+6).
   rC:        It protects you from cold.
 O - a +4 ring of evasion
 P - a +4 ring of protection
 R - an amulet of guardian spirit
Wands
 a - a wand of flame (40)
 e - a wand of paralysis (35)
 m - a wand of iceblast (22)
 u - a wand of polymorph (15)
 x - a wand of charming (24)
 A - a wand of mindburst (13)
 K - a wand of acid (9)
 L - a wand of digging (11)
Scrolls
 c - 4 scrolls of amnesia
 g - 4 scrolls of teleportation
 n - 2 scrolls of immolation
 E - 15 scrolls of identify
 G - a scroll of silence
 H - 3 scrolls of blinking
 J - 4 scrolls of holy word
Potions
 b - 4 potions of attraction
 f - 2 potions of ambrosia
 h - 6 potions of curing
 o - 2 potions of resistance
 s - 2 potions of cancellation
 v - 3 potions of flight
 w - 3 potions of lignification
 z - 2 potions of brilliance
 B - 6 potions of haste
 N - a potion of berserk rage
 Q - 3 potions of magic
Miscellaneous
 F - a lightning rod (4/4)


   Skills:
 + Level 15.8 Fighting
 + Level 14.5 Maces & Flails
 + Level 12.8 Armour
 - Level 0.8 Dodging
 + Level 14.1 Shields
 + Level 23.2 Invocations
 + Level 13.7 Evocations


You had 17 spell levels left.
You didn't know any spells.
Your spell library contained the following spells:

 Spells                   Type           Power      Damage    Failure   Level
 Animate Skeleton         Necr           0%         N/A       90%         1
 Apportation              Tloc           0%         N/A       90%         1
 Magic Dart               Conj           0%         1d3       90%         1
 Pain                     Necr           0%         1d4       90%         1
 Sandblast                Erth           0%         2d4       90%         1
 Shock                    Conj/Air       0%         1d3       90%         1
 Slow                     Hex            0%         N/A       90%         1
 Blink                    Tloc           0%         N/A       96%         2
 Call Imp                 Summ           0%         N/A       96%         2
 Passwall                 Tmut/Erth      0%         N/A       96%         2
 Scorch                   Fire           0%         2d5       96%         2
 Sublimation of Blood     Necr           0%         N/A       96%         2
 Confusing Touch          Hex            0%         N/A       99%         3
 Dazzling Flash           Conj/Hex       0%         N/A       99%         3
 Ignite Poison            Fire/Tmut/Pois 0%         N/A       99%         3
 Lesser Beckoning         Tloc           0%         N/A       99%         3
 Mephitic Cloud           Conj/Pois/Air  0%         N/A       99%         3
 Stone Arrow              Conj/Erth      0%         3d7       99%         3
 Swiftness                Air            0%         N/A       99%         3
 Vampiric Draining        Necr           0%         2d6       99%         3
 Airstrike                Air            0%         N/A       100%        4
 Animate Dead             Necr           0%         N/A       100%        4
 Flame Wave               Conj/Fire      0%         2d4       100%        4
 Leda's Liquefaction      Hex/Erth       0%         N/A       100%        4
 Petrify                  Tmut/Erth      0%         N/A       100%        4
 Summon Ice Beast         Ice/Summ       0%         N/A       100%        4
 Summon Lightning Spire   Summ/Air       0%         N/A       100%        4
 Agony                    Necr           0%         N/A       100%        5
 Alistair's Intoxication  Tmut/Pois      0%         N/A       100%        5
 Excruciating Wounds      Necr           0%         N/A       100%        5
 Freezing Cloud           Conj/Ice/Air   0%         6-21      100%        5
 Irradiate                Conj/Tmut      0%         3d14      100%        5
 Lee's Rapid Deconstruct  Erth           0%         3d5*      100%        5
 Lightning Bolt           Conj/Air       0%         1d11      100%        5
 Manifold Assault         Tloc           0%         N/A       100%        5
 Summon Mana Viper        Hex/Summ       0%         N/A       100%        5
 Iron Shot                Conj/Erth      0%         9d1       100%        6
 Statue Form              Tmut/Erth      0%         N/A       100%        6
 Summon Cactus Giant      Summ           0%         N/A       100%        6
 Haunt                    Necr/Summ      0%         N/A       100%        7
 Monstrous Menagerie      Summ           0%         N/A       100%        7
 Storm Form               Tmut/Air       0%         N/A       100%        7
 Infestation              Necr           0%         N/A       100%        8


Dungeon Overview and Level Annotations

Branches:
Dungeon (15/15)            Temple (0/1) D:6            Lair (6/6) D:10
  Swamp (4/4) Lair:2       Spider (4/4) Lair:2        Slime (0/5) Lair:6
    Orc (2/2) D:10            Elf (1/3) Orc:2        Vaults (2/5) D:14
 Depths (1/4) D:15         Bailey (visited)          WizLab (visited)
  Crypt: Vaults:2-3

Altars:
Fedhas
Okawaru
Xom
Yredelemnul
Zin
The Shining One
Beogh
Jiyva

Shops:
Orc:2 **[(   Vaults:1 =

Annotations:
D:9 corrupted
Lair:2 2 transporters, Roefeuw's ghost, journeyman OgHu
Lair:3 3 runed translucent doors, Ruicvywi's ghost, journeyman OgTm
Lair:4 3 runed translucent doors, Fahoxeolau's ghost, adept MiBe; McGhostyFace's ghost, journeyman GnVM; Tolaogg's ghost, journeyman MfBe; croobank's ghost, adept HuMo
Spider:2 2 transporters, Usoddo Umaf's ghost, adept DrFE
Orc:2 corrupted
Abyss:1 Aizul; Arachne; Louise


Innate Abilities, Weirdness & Mutations

You are completely covered in large bone plates. (SH +8)
Your demonic aura causes all spilled blood to erupt in flames.
You sometimes gain power by taking damage.
You punish those that try to bend your will. (Will+)
Your touch may irresistibly damage your foes and sap their willpower.
Your mind is acute. (Int +2)
You are strong-willed. (Will+)
Your spells are a little harder to cast, but a little more powerful.


Message History

Aiming: Polymorph
Press: ? - help, Shift-Dir - straight line, f - Louise
Aim: Louise, wielding a +1 demon trident of venom, wearing a +0 plate armour and wearing a +2 tower shield (will become a fire dragon, a merfolk, or a ghost moth, chance to affect: 28%) Louise easily resists.
Louise gestures wildly while chanting.
Louise blinks!
The hornet buzzes angrily.
There is an empty arch of ancient stone here.
You are confused.
You feel invigorated.
The hornet stings you but does no damage.
Found a gateway leading deeper into the Abyss.
You feel less invigorated.
You feel less confused. You block the hornet's attack.
Arachne shouts!
Arachne stares at you and mumbles some strange words.
The bolt of poison misses you.
Louise says, "Need a shortcut to the ORB?
Here, let me help!"
Louise mumbles some strange words.
Louise blinks!
You block the hornet's attack. You block Arachne's attack.
You block Arachne's attack.
Arachne stares at you and mumbles some strange words.
The poison arrow hits you.
You are poisoned.
* * * LOW HITPOINT WARNING * * *
You block Louise's attack.
Found a scroll of vulnerability and 22 stones.
You feel very sick.
Found a scroll of amnesia and 17 stones.
You feel very sick.
You feel very sick.
Arachne says, "Come closer, little fly."
You block Louise's attack.
Roots burst forth from the earth!
The grasping roots grab you! The grasping roots constrict you!
* * * LOW HITPOINT WARNING * * *
Arachne hits you with a staff of poison!!
You die...

#....♣...♣...#.. ..
..#♣.....♣.#... ...
..........#.##.# ..# ##
..........##.##..##
...#.##........#.?....(
#..#.......#..#.......
#. ##....#♣x.#y.# #
....# ∩###...@.H##..##.
. .......#....#@.......
.. ...........##........
#..∩..# ##....#..f......
##..##....#....#.......?
#..#....#....##.....##.
###y##∩#..##.#......# #.
...#..## ....(..
#..#.#.#... # ........
#.. ..#...# #


You could see Arachne, Louise, a shambling mangrove, a hornet and a small
abomination.

Vanquished Creatures
  A royal mummy (WizLab)
  Jorgrun (Orc:1)
  Rupert (Spider:1)
  Gastronok (Lair:2)
  Roxanne (Swamp:4)
  Kirke (Spider:1)
  3 thorn hunters
  A fire giant (Vaults:2)
  2 vault wardens (Vaults:1)
  An emperor scorpion (Spider:2)
  A juggernaut zombie (WizLab)
  2 ghost moths (Spider:4)
  2 ghouls (Swamp:1)
  6 ironbound preservers (Vaults:1)
  3 bunyips
  A deep elf demonologist (Vaults:1)
  A vampire knight (Swamp:4)
  2 spark wasps (Spider:4)
  10 dire elephants
  2 eleionomae
  Josephine (Lair:5)
  2 shambling mangroves (Swamp:4)
  2 great orbs of eyes
  A mummy priest (WizLab)
  2 ironbound thunderhulks (Vaults:1)
  13 hydras
  3 yaktaur captains (Vaults:1)
  A vault guard (Vaults:2)
  2 catoblepae
  An ogre mage (D:15)
  Harold (D:9)
  6 boulder beetles
  An ironbound frostheart (Vaults:1)
  11 centaur warriors
  A death knight (D:14)
  9 alligators
  7 two-headed ogres
  4 orc high priests
  A deep elf knight (Elf:1)
  2 skeletal warriors (D:14)
  A shadow wraith (D:14)
  4 spriggan druids
  4 bog bodies
  A deep troll (shapeshifter) (D:15)
  2 goliath frogs
  23 deep trolls
  Pikel (D:5)
  A spectral hydra (Swamp:4)
  5 ironbound convokers
  7 wizards
  A sphinx zombie (Vaults:1)
  A necromancer (Vaults:1)
  3 lindwurms (Vaults:1)
  A deep elf pyromancer (Elf:1)
  9 swamp dragons
  An orb spider (shapeshifter) (D:15)
  17 wolf spiders
  A deep elf zephyrmancer (Elf:1)
  5 orc knights
  5 large abominations (D:15)
  4 phantasmal warriors
  3 oklob plants (Swamp:4)
  14 orb spiders
  A harpy (shapeshifter) (D:14)
  5 manticores
  22 ugly things
  A frost giant zombie (WizLab)
  A will-o-the-wisp (Swamp:2)
  A stone giant zombie (Vaults:1)
  A fire giant zombie (Vaults:1)
  A demonspawn zombie (WizLab)
  3 moths of wrath
  A cyclops (D:14)
  An elephant (D:10)
  2 black mambas
  A spriggan zombie (WizLab)
  4 vault sentinels (Vaults:1)
  A torpor snail (Spider:3)
  9 cane toads
  A rime drake (shapeshifter) (D:15)
  A tengu conjurer (D:14)
  11 demonic crawlers
  3 unseen horrors
  12 komodo dragons
  2 freezing wraiths
  Psyche (D:9)
  3 rime drakes
  An anaconda simulacrum (Lair:1)
  A hydra zombie (Swamp:4)
  5 polar bears (Lair:6)
  9 yaktaurs (Vaults:1)
  4 death drake zombies (Swamp:4)
  4 tyrant leeches
  34 jumping spiders
  7 trolls
  3 guardian mummies (WizLab)
  16 hornets
  28 dream sheep
  2 death drake skeletons (Swamp:4)
  17 slime creatures
  A hydra skeleton (Swamp:4)
  11 blink frogs
  61 redbacks
  A shadow (D:13)
  Sigmund (D:3)
  2 vampires
  A water elemental (Elf:1)
  16 tarantellas
  18 spriggans
  A wyvern (D:10)
  A dire elephant simulacrum (Lair:1)
  14 yaks
  9 wraiths
  Grum (D:10)
  2 humans (Spider:1)
  Eustachio (D:6)
  5 basilisks
  A steam dragon (D:7)
  13 vampire mosquitoes
  A human zombie (WizLab)
  A human simulacrum (Vaults:1)
  11 swamp worms
  An acid dragon (D:9)
  5 wargs
  23 water moccasins
  6 hydra simulacra
  A water moccasin (shapeshifter) (D:15)
  37 orc warriors
  3 swamp drakes
  An ettin simulacrum (Vaults:1)
  6 black bears
  2 ice beasts
  A necrophage (Swamp:1)
  11 ogres
  A swamp dragon zombie (Swamp:4)
  8 boggarts
  28 wolves
  A swamp dragon skeleton (Swamp:4)
  8 centaurs
  3 kobold brigands
  Blork the orc (D:6)
  12 bullfrogs
  3 gnoll sergeants
  7 small abominations (D:15)
  A water moccasin zombie (D:5)
  2 scorpions
  3 killer bees (D:9)
  A rime drake simulacrum (Lair:1)
  4 wights (D:8)
  3 electric eels
  5 howler monkeys
  3 centaur zombies
  5 hounds
  A wyvern simulacrum (Lair:1)
  A komodo dragon simulacrum (Lair:1)
  6 jellies
  Crazy Yiuf (D:2)
  2 bullfrog skeletons
  21 orc priests
  3 centaur skeletons
  2 iguanas
  13 orc wizards
  3 killer bee zombies
  Robin (D:4)
  2 howler monkey zombies
  10 adders
  15 gnolls
  A shadow imp (Spider:2)
  2 white imps
  An ufetubus (D:7)
  2 worms
  A dart slug (D:3)
  80 orcs
  7 bats
  3 endoplasms
  10 giant cockroaches
  18 goblins
  10 hobgoblins
  18 jackals
  17 kobolds
  4 quokkas
  6 ball pythons
  5 frilled lizards
  9 rats
  2 briar patches (Swamp:4)
1094 creatures vanquished.

Vanquished Creatures (collateral kills)
  An orb spider (Spider:4)
  A jumping spider (Spider:4)
  4 redbacks (Spider:4)
  A ball python (D:1)
7 creatures vanquished.

Vanquished Creatures (others)
  Asterion (Spider:1)
  An orc high priest (Orc:2)
  3 orc knights (Orc:2)
  A wolf spider (Spider:1)
  A demonic crawler (Spider:4)
  A jumping spider (Spider:4)
  A queen bee (D:9)
  A bloated husk (Swamp:1)
  A hornet (D:9)
  3 redbacks (Spider:4)
  A tarantella (Spider:1)
  3 humans (Spider:1)
  14 orc warriors (Orc:2)
  2 ogres (Orc:2)
  26 killer bees (D:9)
  9 orc priests (Orc:2)
  3 orc wizards
  17 orcs (Orc:2)
  5 briar patches (Swamp:4)
  25 fungi
  74 plants
  11 starspawn tentacles
204 creatures vanquished.

Grand Total: 1305 creatures vanquished

Notes
Turn   | Place    | Note
-------+----------+-------------------------------------------
     0 | Abyss:1  | meatgazer the Demonspawn Abyssal Knight began the quest for
                  | the Orb.
     0 | Abyss:1  | Reached XP level 1. HP: 18/18 MP: 2/2
    31 | Abyss:2  | Found a corrupted altar of Lugonu.
   128 | Abyss:3  | Noticed an orange demon
   129 | Abyss:3  | Noticed an orc sorcerer
   130 | Abyss:3  | Noticed an iron imp
   131 | D:1      | Escaped the Abyss
   585 | D:1      | Gained mutation: You are partially covered in large bone
                  | plates. (SH +4) [demonic ancestry]
   585 | D:1      | Reached XP level 2. HP: 19/24 MP: 4/4
   780 | D:1      | Reached skill level 3 in Invocations
   801 | D:1      | Reached * piety under Lugonu
   915 | D:1      | Found a faded altar of an unknown god.
   962 | D:1      | Reached XP level 3. HP: 29/29 MP: 5/5
  1685 | D:2      | Reached ** piety under Lugonu
  1686 | D:2      | Gained mutation: Your touch may inflict minor irresistible
                  | damage on your foes. [demonic ancestry]
  1686 | D:2      | Reached XP level 4. HP: 37/37 MP: 6/6
  1970 | D:2      | Reached skill level 4 in Invocations
  2175 | D:2      | Found a runed translucent door.
  2176 | D:2      | Noticed Crazy Yiuf
  2452 | D:2      | Killed Crazy Yiuf
  2722 | D:3      | Gained mutation: You are mostly covered in large bone
                  | plates. (SH +6) [demonic ancestry]
  2722 | D:3      | Reached XP level 5. HP: 36/42 MP: 8/8
  2923 | D:3      | Noticed Sigmund
  2944 | D:3      | Reached *** piety under Lugonu
  2958 | D:3      | Killed Sigmund
  2959 | D:3      | Reached skill level 5 in Invocations
  2959 | D:3      | Gained mutation: Your touch may inflict irresistible damage
                  | on your foes. [demonic ancestry]
  2959 | D:3      | Reached XP level 6. HP: 45/50 MP: 8/10
  3660 | D:4      | Found an iron altar of Okawaru.
  3858 | D:4      | Reached skill level 5 in Fighting
  4248 | D:4      | Reached skill level 6 in Invocations
  4248 | D:4      | Gained mutation: You sometimes gain a little power by
                  | taking damage. [demonic ancestry]
  4248 | D:4      | Reached XP level 7. HP: 56/56 MP: 11/11
  4319 | D:4      | Noticed Robin
  4366 | D:4      | Killed Robin
  5146 | D:5      | Entered Level 5 of the Dungeon
  5328 | D:5      | Noticed Pikel
  5348 | D:5      | Killed Pikel
  5349 | D:5      | Reached skill level 5 in Maces & Flails
  5349 | D:5      | Reached skill level 7 in Invocations
  5349 | D:5      | Reached XP level 8. HP: 36/65 MP: 11/13
  5367 | D:5      | Reached **** piety under Lugonu
  5734 | D:5      | Reached skill level 8 in Invocations
  6328 | D:5      | Reached skill level 9 in Invocations
  6440 | D:5      | Gained mutation: You sometimes gain power by taking damage.
                  | [demonic ancestry]
  6440 | D:5      | Reached XP level 9. HP: 49/72 MP: 15/15
  7408 | D:6      | Reached skill level 10 in Invocations
  7432 | D:6      | Noticed Eustachio
  7443 | D:6      | Killed Eustachio
  7467 | D:6      | Found a staircase to the Ecumenical Temple.
  7674 | D:6      | Noticed Blork the orc
  7688 | D:6      | Killed Blork the orc
  8421 | D:7      | Reached skill level 11 in Invocations
  8624 | D:7      | Noticed a two-headed ogre
  8741 | D:8      | Noticed a two-headed ogre
  8755 | D:8      | Killed a two-headed ogre
  8756 | D:8      | Reached XP level 10. HP: 57/83 MP: 18/18
  8992 | D:7      | Killed a two-headed ogre
  9203 | D:8      | Got the Incunabulum of Battle Magic and Summoning
  9302 | D:8      | Acquired a manual of Invocations
  9597 | D:8      | Reached skill level 1 in Evocations
 10516 | D:9      | Noticed Psyche
 10542 | D:9      | Killed Psyche
 10543 | D:9      | Reached skill level 12 in Invocations
 10737 | D:9      | Corrupted D:9
 10737 | D:9      | Noticed a starcursed mass
 10737 | D:9      | Noticed a tentacled starspawn
 10737 | D:9      | Noticed a large abomination
 10737 | D:9      | Noticed a thrashing horror
 10737 | D:9      | Noticed a smoke demon
 10737 | D:9      | Noticed a spatial maelstrom
 10737 | D:9      | Noticed a thrashing horror
 10740 | D:9      | Noticed a hell hog
 10740 | D:9      | Noticed a large abomination
 11139 | D:9      | Noticed Harold
 11157 | D:9      | Killed Harold
 11763 | D:10     | Entered Level 10 of the Dungeon
 11791 | D:10     | Noticed Grum
 11822 | D:10     | Killed Grum
 11836 | D:10     | HP: 3/85 [wolf[Grum] (7)]
 11852 | D:10     | Gained mutation: Your demonic aura sometimes causes spilled
                  | blood to erupt in flames. [demonic ancestry]
 11852 | D:10     | Reached XP level 11. HP: 15/90 MP: 20/20
 12778 | D:10     | Found a staircase to the Lair.
 12779 | D:10     | Found a staircase to the Orcish Mines.
 12779 | D:10     | Noticed a centaur warrior
 12819 | D:10     | Reached skill level 10 in Fighting
 12819 | D:10     | Reached skill level 13 in Invocations
 12821 | D:10     | Banished a centaur warrior
 12822 | D:10     | Reached skill level 5 in Armour
 13984 | D:11     | Found a flagged portal.
 13993 | Bailey   | Entered a bailey
 14587 | Bailey   | Reached skill level 5 in Evocations
 15400 | Bailey   | Noticed an orc knight
 15401 | Bailey   | an orc knight changed into a dream sheep
 16117 | D:11     | Identified the +8 spear of Festooned Guilt {antimagic,
                  | +Blink rElec}
 16308 | D:11     | Identified the +0 leather armour of Satisfaction {rN+
                  | Regen+ Str-4}
 16641 | D:12     | Reached skill level 1 in Shields
 16641 | D:12     | Reached skill level 14 in Invocations
 16643 | D:12     | Noticed a two-headed ogre
 16658 | D:12     | Killed a two-headed ogre
 17480 | D:12     | Noticed a two-headed ogre
 17488 | D:12     | Killed a two-headed ogre
 17489 | D:12     | Reached XP level 12. HP: 91/99 MP: 22/22
 18329 | D:13     | Noticed a catoblepas
 18331 | D:13     | Noticed a seven-headed hydra
 18342 | D:13     | Killed a catoblepas
 18346 | D:13     | Killed a seven-headed hydra
 18534 | D:13     | Noticed a boulder beetle
 18534 | D:13     | Noticed a centaur warrior
 18552 | D:13     | Killed a centaur warrior
 18553 | D:13     | Reached skill level 15 in Invocations
 18586 | D:13     | Killed a boulder beetle
 18801 | D:13     | Noticed a two-headed ogre
 18807 | D:13     | Killed a two-headed ogre
 18962 | Lair:1   | Entered Level 1 of the Lair of Beasts
 19111 | Lair:1   | Identified the +2 spear of the Baking Philosopher {freeze,
                  | Will+}
 19412 | Lair:1   | Reached skill level 5 in Shields
 19542 | Lair:1   | Noticed a four-headed hydra
 19553 | Lair:1   | Killed a four-headed hydra
 19653 | Lair:1   | Found a transporter.
 19705 | Lair:1   | Found a transporter.
 19954 | Lair:2   | Reached skill level 10 in Maces & Flails
 20282 | Lair:3   | Noticed a catoblepas
 20297 | Lair:3   | Killed a catoblepas
 20424 | Lair:3   | Noticed an eight-headed hydra
 20433 | Lair:3   | Killed an eight-headed hydra
 20434 | Lair:3   | Reached skill level 16 in Invocations
 20736 | Lair:2   | Found a staircase to the Swamp.
 20765 | Lair:2   | Found a transporter.
 20770 | Lair:2   | Found a transporter.
 20770 | Lair:2   | Noticed Roefeuw's ghost (journeyman OgHu)
 20772 | Lair:2   | Noticed Gastronok
 20811 | Lair:2   | Killed Gastronok
 20812 | Lair:2   | Reached XP level 13. HP: 69/106 MP: 25/25
 21119 | Lair:2   | Found a hole to the Spider Nest.
 21486 | Lair:3   | Noticed Ruicvywi's ghost (journeyman OgTm)
 21486 | Lair:3   | Found a runed translucent gate.
 21486 | Lair:3   | Found a runed translucent gate.
 21486 | Lair:3   | Found a runed translucent gate.
 21496 | Lair:3   | Found a viscous altar of Jiyva.
 21748 | Lair:3   | Identified the +10 whip of Gravity {flame, Will+ Str+4}
 22306 | Lair:4   | Reached ***** piety under Lugonu
 22944 | Lair:4   | Found a runed translucent gate.
 22944 | Lair:4   | Found a runed translucent gate.
 22944 | Lair:4   | Found a runed translucent gate.
 22946 | Lair:4   | Noticed Fahoxeolau's ghost (adept MiBe)
 22946 | Lair:4   | Noticed Tolaogg's ghost (journeyman MfBe)
 22946 | Lair:4   | Noticed croobank's ghost (adept HuMo)
 22947 | Lair:4   | Noticed McGhostyFace's ghost (journeyman GnVM)
 23228 | Lair:5   | Reached skill level 17 in Invocations
 23641 | Lair:5   | Noticed Josephine
 23647 | Lair:5   | Killed Josephine
 24404 | Lair:6   | Entered Level 6 of the Lair of Beasts
 25581 | Lair:6   | Gained mutation: You are completely covered in large bone
                  | plates. (SH +8) [demonic ancestry]
 25581 | Lair:6   | Reached XP level 14. HP: 96/115 MP: 26/26
 25686 | Lair:6   | Reached skill level 18 in Invocations
 25857 | Lair:6   | Found a staircase to the Slime Pits.
 25857 | Lair:6   | Found a viscous altar of Jiyva.
 26391 | Lair:6   | Reached ****** piety under Lugonu
 27017 | Lair:6   | Identified the +1 plate armour of the Amoeba {Rampage rF+
                  | Str+2}
 27291 | Lair:1   | Identified the +3 hat "Amuota" {rCorr Int+2}
 28029 | Orc:1    | Entered Level 1 of the Orcish Mines
 28170 | Orc:1    | Noticed Jorgrun
 28186 | Orc:1    | Killed Jorgrun
 28241 | Orc:2    | Entered Level 2 of the Orcish Mines
 28565 | Orc:2    | Corrupted Orc:2
 28565 | Orc:2    | Noticed a deep elf elementalist
 28565 | Orc:2    | Noticed a tentacled starspawn
 28565 | Orc:2    | Noticed a starcursed mass
 28566 | Orc:2    | Noticed a starcursed mass
 28567 | Orc:2    | Noticed a balrug
 28568 | Orc:2    | Noticed a starcursed mass
 28693 | Orc:2    | Noticed a tentacled starspawn
 28695 | Orc:2    | Noticed a starcursed mass
 28736 | Orc:2    | Noticed a starcursed mass
 28861 | Orc:2    | Found a staircase to the Elven Halls.
 28988 | Orc:2    | Reached skill level 10 in Shields
 29411 | Orc:2    | Reached skill level 19 in Invocations
 29572 | Orc:2    | Found Downurei's Antique Armour Boutique.
 29573 | Orc:2    | Found Beim's Assorted Antiques.
 29573 | Orc:2    | Found Fitohot's General Store.
 29574 | Orc:2    | Found Alubeut's Weapon Boutique.
 29585 | Orc:2    | Bought a scroll of teleportation for 39 gold pieces
 29585 | Orc:2    | Bought the +10 tower shield of Ignorance {rN+ Int-4} for
                  | 744 gold pieces
 29585 | Orc:2    | Found the +10 tower shield of Ignorance {rN+ Int-4}
 29585 | Orc:2    | Bought a scroll of blinking for 97 gold pieces
 29587 | Orc:2    | Bought a potion of heal wounds for 150 gold pieces
 31722 | D:14     | Found a shimmering altar of Xom.
 31852 | D:14     | Reached skill level 10 in Evocations
 32405 | D:14     | Gained mutation: Your demonic aura often causes spilled
                  | blood to erupt in flames. [demonic ancestry]
 32405 | D:14     | Reached XP level 15. HP: 102/123 MP: 28/28
 32650 | D:14     | Found a gate to the Vaults.
 32913 | D:15     | Entered Level 15 of the Dungeon
 33374 | D:15     | Reached skill level 20 in Invocations
 33711 | D:15     | Reached skill level 10 in Armour
 33941 | D:15     | Found a staircase to the Depths.
 34265 | D:15     | Found a portal to a secret trove of treasure.
 34881 | Spider:1 | Entered Level 1 of the Spider Nest
 34963 | Spider:1 | Noticed Rupert
 34978 | Spider:1 | Killed Rupert
 34985 | Spider:1 | Noticed Louise
 34995 | Spider:1 | Banished Louise
 35596 | Spider:1 | Noticed Kirke
 35605 | Spider:1 | Killed Kirke
 36289 | Spider:1 | Noticed Asterion
 36304 | Spider:1 | Killed Asterion
 37575 | Spider:2 | Found the ring of Shadows {Umbra +Inv Stlth+}
 37989 | Spider:2 | Noticed Usoddo Umaf's ghost (adept DrFE)
 38008 | Spider:2 | Found a transporter.
 38020 | Spider:2 | Reached skill level 21 in Invocations
 38025 | Spider:2 | Found a transporter.
 39381 | Spider:3 | Gained mutation: Your touch may irresistibly damage your
                  | foes and sap their willpower. [demonic ancestry]
 39381 | Spider:3 | Reached XP level 16. HP: 108/132 MP: 30/30
 39515 | Spider:3 | Identified the +9 long sword of Vuox {vorpal, rElec rF++
                  | Will+ Str-4}
 40472 | Spider:4 | Entered Level 4 of the Spider Nest
 40888 | Spider:4 | Noticed Arachne
 40984 | Spider:3 | Banished Arachne
 42911 | Spider:4 | Got a gossamer rune of Zot
 43361 | Depths:1 | Entered Level 1 of the Depths
 43613 | Elf:1    | Entered Level 1 of the Elven Halls
 43708 | Elf:1    | HP: 4/134 [something/shard of ice (16)]
 44260 | Swamp:1  | Entered Level 1 of the Swamp
 44777 | Orc:2    | Bought a metallic golden potion for 27 gold pieces
 44779 | Orc:2    | Gained mutation: You are strong-willed. (Will+) [potion of
                  | mutation]
 44779 | Orc:2    | Gained mutation: Your mind is acute. (Int +2) [potion of
                  | mutation]
 44779 | Orc:2    | Gained mutation: Your spells are a little harder to cast,
                  | but a little more powerful. [potion of mutation]
 45661 | Swamp:2  | Noticed Aizul
 45663 | Swamp:2  | Banished Aizul
 45848 | Swamp:2  | Gained mutation: Your demonic aura causes all spilled blood
                  | to erupt in flames. [demonic ancestry]
 45848 | Swamp:2  | Reached XP level 17. HP: 92/140 MP: 31/31
 46864 | Swamp:2  | Reached skill level 22 in Invocations
 48566 | Swamp:4  | Entered Level 4 of the Swamp
 49781 | Swamp:4  | Noticed Roxanne
 50026 | Swamp:4  | Killed Roxanne
 51114 | Swamp:4  | Reached skill level 15 in Fighting
 53429 | Swamp:4  | Found a blossoming altar of Fedhas.
 54523 | Swamp:4  | Got a decaying rune of Zot
 54543 | Swamp:4  | Found a basalt altar of Yredelemnul.
 54830 | Vaults:1 | Entered Level 1 of the Vaults
 56820 | Vaults:1 | Gained mutation: You punish those that try to bend your
                  | will. (Will+) [demonic ancestry]
 56820 | Vaults:1 | Reached XP level 18. HP: 149/149 MP: 33/33
 58458 | Vaults:1 | Reached skill level 23 in Invocations
 59210 | Vaults:1 | Found Pipum's Jewellery Shoppe.
 60167 | Vaults:2 | Found a magical portal.
 60176 | WizLab   | Entered Doroklohe's Tomb
 60429 | WizLab   | Noticed a royal mummy
 60455 | WizLab   | Killed a royal mummy
 60455 | WizLab   | HP: 7/140 [torment (5)]
 60455 | WizLab   | HP: 1/140 [poisoned by an emperor scorpion]
 61536 | D:15     | You paid a toll of 5 scrolls of fog to enter a treasure
                  | trove
 61537 | Trove    | Entered a treasure trove
 61576 | Trove    | Identified the ring of Yniemod {rC+ Dex+6}
 61803 | Abyss:1  | HP: 3/145 [constriction (16)]
 61803 | Abyss:1  | Demolished by Arachne

Illustrated notes

Levels and vault maps discovered:
D:1:      lemuel_arrival_tunnels, layout_basic,
          hellmonk_ecumenical_altar_dog_temple, minmay_door_square
D:2:      layout_rooms, basic_altar, kennysheep_generic_room_2,
          uniq_crazy_yiuf_cottage
D:3:      layout_loops_corners, st_stairs_1, ebering_dispersal_statue_hall,
          uniq_sigmund
D:4:      minmay_door_path, layout_layer_cave, mainiacjoe_overflow_catwalk,
          hangedman_abyss_or_decor_stagger, uniq_robin
D:5:      layout_basic, serial_curves, eino_curves_03, eino_curves_01,
          eino_curves_03, eino_curves_02, nzn_random_ring, uniq_pikel
D:6:      layout_cave_pools, minmay_temple_entry_mini_moons, item_on_display_a,
          uniq_eustachio, uniq_blork_the_orc
D:7:      layout_loops_cross, serial_bayou_pond_c
D:8:      layout_basic
D:9:      layout_roguey [special_room_bee], uniq_psyche, uniq_harold
D:10:     layout_roguey, david_lair_generic, orc_0_dummy, uniq_grum
D:11:     layout_cave_pods, enter_bailey_6
D:12:     layout_loops_corners
D:13:     layout_basic, kennysheep_generic_room_4
D:14:     layout_long_grid, david_vaults_4, minmay_misc_feat_five,
          brannock_xom_greatest_gift
D:15:     gammafunk_enter_depths_forms, layout_loops_ring, enter_trove_3,
          laboratory
Lair:1:   gammafunk_cloud_chamber, layout_chaotic_city,
          hangedman_lair_unloving_vines
Lair:2:   layout_misc_corridors, swamp_mist, nicolae_spider_entry_tight_spaces,
          special_room, gammafunk_ghost_hive, grunt_forest_stairs_basic,
          serial_bayou_shore_b, uniq_gastronok
Lair:3:   layout_misc_corridors, gammafunk_ghost_ooze
Lair:4:   layout_small_grid, gammafunk_ghost_cemetery,
          chequers_serial_rivers_small_3, lemuel_fruit_tree,
          serial_bayou_shore_b, serial_bayou_shore_a
Lair:5:   layout_roguey, uniq_josephine
Lair:6:   minmay_lair_end_enchanted_forest, layout_regular_city, slime_altar_1,
          basic_altar
Swamp:1:  nicolae_swamp_ascending_descending_big, layout_falls_marsh,
          nicolae_swamp_treefoil, nicolae_swamp_some_circles
Swamp:2:  layout_basic_swamp, evilmike_swamp_ruin_house_3, uniq_aizul
Swamp:3:  layout_falls_marsh, hangedman_swamp_ruin_wall, ldierk_geyser
Swamp:4:  byrel_swamp_growth_death_and_undeath, layout_basic_swamp, uniq_roxanne
Spider:1: layout_chambers, uniq_rupert, uniq_kirke, uniq_asterion, uniq_louise
Spider:2: layout_spider_delve, gammafunk_ghost_arena, nicolae_crawler_farm
Spider:3: layout_spider_delve, nicolae_spider_claw_tunnel
Spider:4: spider_rune_water, uniq_arachne
Orc:1:    layout_diamond_mine, mines2_david, uniq_jorgrun
Orc:2:    st_orc_pillars, layout_caves
Elf:1:    layout_loops_corners, minmay_elf_demonology
Vaults:1: v_misc_18, grunt_vaults_swirl, vaults_room_hallway,
          nicolae_vaults_network_barrier, nicolae_vaults_diagonal_hallway_6,
          ontoclasm_vaults_loading_screen, vaults_room_semicircle, v_misc_32,
          nicolae_vaults_little_squares_2, hangedman_vaults_trim,
          ontoclasm_vaults_twist, layout_vaults_quadrants, serial_shops,
          nicolae_lakefront_shop
Vaults:2: mu_enter_wizlab_5, hangedman_vaults_stitches, v_misc_27,
          nicolae_vaults_little_squares_2, nicolae_vaults_ninety_degrees,
          ontoclasm_vaults_decontamination, v_pattern_4, nicolae_vaults_big_ls,
          nicolae_vaults_lopsided_apartments, nicolae_vaults_back_hallway,
          vaults_room_stairs_pillars, nicolae_vaults_mini_display_case,
          vaults_dpeg_encased_lava, layout_vaults_maze, uniq_mara
Depths:1: layout_gridville, dk_noncrumbling_2, hell_entry, abyss_entry,
          minivault_16, nemelex_spade_bored_becter, uniq_bai_suzhen
Abyss:1:  base: Temple, base: Temple, base:
Lair:2

Skill      XL: |  1  2  3  4  5  6  7  8  9 10 11 12 13 14 15 16 17 18 |
---------------+-------------------------------------------------------+-----
Maces & Flails | 2 3 4 5 6 8 9 10 11 12 13 14 | 14.5
Invocations    | 3 4 5 6 7 9 11 12 14 16 17 19 21 22 23 | 23.2
Fighting       | 4 5 6 7 9 10 11 12 13 14 15 | 15.8
Armour         | 4 6 7 8 9 10 11 12 | 12.8
Evocations     | 3 6 7 9 10 11 12 13 | 13.7
Shields        | 2 6 8 10 12 13 14 | 14.1
Dodging        | |  0.8

Action                   |  1- 3 |  4- 6 |  7- 9 | 10-12 | 13-15 | 16-18 || total
-------------------------+-------+-------+-------+-------+-------+-------++-------
Melee: Mace              |   156 |   127 |       |       |       |       ||   283
       Touch             |       |    27 |    79 |   128 |       |       ||   234
       Whip              |       |    49 |   441 |   802 |  1883 |  2050 ||  5225
Invok: Depart the Abyss  |     1 |       |       |       |       |       ||     1
       Bend Space        |       |       |       |     2 |     1 |       ||     3
       Corrupt           |       |       |       |     1 |     1 |       ||     2
       Banish            |       |       |       |     2 |    14 |    25 ||    41
       Enter the Abyss   |       |       |       |       |       |     1 ||     1
Evoke: Wand              |       |       |     3 |    19 |    16 |    35 ||    73
       Lightning rod     |       |       |       |       |     2 |    19 ||    21
  Use: Scroll            |     7 |     4 |     4 |    20 |     9 |    20 ||    64
       Potion            |     1 |       |     1 |     6 |    15 |    15 ||    38
 Stab: Distracted        |       |       |       |       |     1 |       ||     1
       Betrayed ally     |       |       |       |       |     1 |       ||     1
Armor: Ring mail         |   100 |    88 |   187 |    81 |       |       ||   456
       Chain mail        |       |       |       |   320 |   244 |       ||   564
       Plate armour      |       |       |       |       |   250 |   677 ||   927
Dodge: Dodged            |   109 |   102 |   159 |   223 |   259 |   303 ||  1155
Block: Other             |    25 |    52 |   124 |   314 |       |       ||   515
       Reflection        |       |       |       |    29 |    26 |    62 ||   117
       Buckler           |       |       |       |   149 |  1448 |  1521 ||  3118

Table legend: (Time is in decaauts)
 A = Elapsed time spent in this place.
 B = Non-inter-level travel time spent in this place.
 C = Inter-level travel time spent in this place.
 D = Time resting spent in this place.
 E = Time spent auto-exploring this place.
 F = Levels seen in this place.
 G = Mean time per level.
                   A        B        C        D        E       F      G
               +--------+--------+--------+--------+--------+-----+--------+
         Total |  60048 |  56429 |   3619 |  22850 |  24832 |  42 | 1429.7 |
       Dungeon |  24059 |  22268 |   1791 |   7745 |  11569 |  15 | 1603.9 |
          Lair |   9128 |   8455 |    673 |   2215 |   5033 |   6 | 1521.3 |
         Swamp |   9659 |   9412 |    247 |   5898 |   2338 |   4 | 2414.8 |
   Spider Nest |   7819 |   7632 |    187 |   3341 |   3044 |   4 | 1954.8 |
  Orcish Mines |   2817 |   2379 |    438 |    882 |    830 |   2 | 1408.5 |
   Elven Halls |    114 |    114 |      0 |      0 |     45 |   1 |  114.0 |
        Vaults |   4267 |   3988 |    279 |   1513 |   1838 |   2 | 2133.5 |
        Depths |      6 |      6 |      0 |      0 |      0 |   1 |    6.0 |
         Abyss |    154 |    154 |      0 |      0 |    101 |   4 |   38.5 |
         Trove |    106 |    106 |      0 |      0 |     16 |   1 |  106.0 |
        Bailey |   1676 |   1676 |      0 |   1250 |     16 |   1 | 1676.0 |
        Wizlab |    239 |    239 |      0 |      5 |      0 |   1 |  239.0 |
               +--------+--------+--------+--------+--------+-----+--------+

Top non-repeatable levels by time:
 Swamp:4: 4966 daAuts
Vaults:1: 3594 daAuts
    D:14: 3306 daAuts
Spider:1: 2645 daAuts
    D:10: 2611 daAuts
 Swamp:3: 2288 daAuts
     D:5: 2127 daAuts
Spider:4: 2094 daAuts
  Lair:6: 2044 daAuts
   Orc:2: 2042 daAuts
    D:12: 1954 daAuts
     D:9: 1900 daAuts
  Lair:2: 1843 daAuts
    D:15: 1800 daAuts
Spider:2: 1681 daAuts
